 Dungeon Crawl Stone Soup version 0.30-a0-883-g5ad918d77d (webtiles) character file.

Game seed: 15817513226959766901

5 Pimp the Firebug (level 1, -1/13 HPs)
             Began as a Demonspawn Fire Elementalist on Mar 16, 2023.
             Slain by an endoplasm (3 damage)
             ... on level 1 of the Dungeon.
             The game lasted 00:00:39 (183 turns).

Pimp the Firebug (Demonspawn Fire Elementalist)      Turns: 183, Time: 00:00:39

Health: -1/13      AC:  2    Str:  8    XL:     1   Next: 66%
Magic:  0/3        EV: 12    Int: 16    God:
Gold:   54         SH:  0    Dex: 13    Spells: 3/4 levels left

rFire   . . .      SeeInvis .    (no weapon)
rCold   . . .      Faith    .    (no shield)
rNeg    . . .      Spirit   .    a - +0 robe
rPois   .          Reflect  .    (no helmet)
rElec   .          Rampage  .    (no cloak)
rCorr   .                        (no gloves)
Will    .....                    (no boots)
Stlth   ++                       (no amulet)
HPRegen 0.22/turn                (no ring)
MPRegen 0.08/turn                (no ring)

@: no status effects
A: no striking features
a: no special abilities


You were on level 1 of the Dungeon.
You visited 1 branch of the dungeon, and saw 1 of its levels.

You collected 54 gold pieces.

Inventory:

Armour
 a - a +0 robe (worn)
Potions
 b - 2 potions of magic
 c - a potion of heal wounds {unknown}


   Skills:
 + Level 1.9 Dodging
 + Level 1.9 Stealth
 + Level 2.0 Spellcasting
 + Level 1.1 Conjurations
 + Level 2.7 Fire Magic


You had 3 spell levels left.
You knew the following spells:

 Your Spells              Type           Power      Damage    Failure   Level
a - Foxfire               Conj/Fire      28%        2x1d5     10%         1

Your spell library contained the following spells:

 Spells                   Type           Power      Damage    Failure   Level
 Scorch                   Fire           20%        2d6       10%         2
 Inner Flame              Hex/Fire       6%         N/A       34%         3
 Kindle Blastsparks       Fire/Tloc/Air  8%         2d10      38%         3
 Flame Wave               Conj/Fire      7%         2d5       67%         4


Dungeon Overview and Level Annotations

Branches:
Dungeon (1/15)

Altars:


Message History

Your foxfire dissipates!
The foxfire hits the endoplasm.
The endoplasm is moderately wounded.
Casting: Foxfire (safe; 10% risk of failure)
Confirm with . or Enter, or press ? or * to list all spells.
You don't have enough magic to cast this spell.
Casting: Foxfire (safe; 10% risk of failure)
Confirm with . or Enter, or press ? or * to list all spells.
You don't have enough magic to cast this spell.
The endoplasm barely misses you.
Casting: Foxfire (safe; 10% risk of failure)
Confirm with . or Enter, or press ? or * to list all spells.
You don't have enough magic to cast this spell.
A kobold comes into view. It is wielding a +0 club.
You completely miss the endoplasm.
The endoplasm is moderately wounded.
The endoplasm closely misses you.
You hit the endoplasm.
The endoplasm is severely wounded.
The endoplasm freezes you.
You are frozen.
You barely miss the endoplasm.
The endoplasm is severely wounded.
The endoplasm hits you.
You hit the endoplasm but do no damage.
The endoplasm is severely wounded.
The kobold shouts!
You hear a shout!
The endoplasm freezes you.
You are frozen.
* * * LOW HITPOINT WARNING * * *
You hit the endoplasm.
The endoplasm is almost dead.
The endoplasm misses you. The endoplasm freezes you.
You are frozen.
* * * LOW HITPOINT WARNING * * *
Casting: Foxfire (safe; 10% risk of failure)
Confirm with . or Enter, or press ? or * to list all spells.
You conjure some foxfire!
The endoplasm hits you.
You die...

####......#.#.##
.....###.##.#..#
#
.##.....)......#
##. ##
.##..#.##.###..#
#.###.###
.###§#.#.......#
#.#..... .#
#.#...###.v.#
#.#.#.#.# .#
#...### ##§##
#..$...# .#
#####
#.#####.###.##
.# #..v@JK.# .#
.# #..####.# .#
.# #..# #.....#
# .# ......
..##### .#
###§#.##..# .#
#§#.##..# .#
....##..# .#
........# .#
...#######


You could see an endoplasm (ally target) and a kobold.

Vanquished Creatures
  A bat (D:1)
  2 endoplasms (D:1)
  A hobgoblin (D:1)
4 creatures vanquished.

Vanquished Creatures (others)
  10 foxfires (D:1)
10 creatures vanquished.

Grand Total: 14 creatures vanquished

Notes
Turn   | Place    | Note
-------+----------+-------------------------------------------
     0 | D:1      | Pimp the Demonspawn Fire Elementalist began the quest for
                  | the Orb.
     0 | D:1      | Reached XP level 1. HP: 13/13 MP: 3/3
   183 | D:1      | Slain by an endoplasm

Illustrated notes

Levels and vault maps discovered:
D:1:      psy_arrival_radial01, layout_loops_ring, minmay_tromino_mix6

Action                     || total
---------------------------++-------
  Melee: Unarmed           ||    11
   Cast: Foxfire           ||     8
   Stab: Sleeping          ||     1
 Armour: Robe              ||     1
  Dodge: Dodged            ||     9

Table legend: (Time is in decaauts)
 A = Elapsed time spent in this place.
 B = Non-inter-level travel time spent in this place.
 C = Inter-level travel time spent in this place.
 D = Time resting spent in this place.
 E = Time spent auto-exploring this place.
 F = Levels seen in this place.
 G = Mean time per level.
                   A        B        C        D        E       F      G
               +--------+--------+--------+--------+--------+-----+--------+
         Total |    183 |    158 |     25 |     11 |     82 |   1 |  183.0 |
       Dungeon |    183 |    158 |     25 |     11 |     82 |   1 |  183.0 |
               +--------+--------+--------+--------+--------+-----+--------+

Top non-repeatable levels by time:
     D:1: 183 daAuts
